 Dungeon Crawl Stone Soup version 0.25-a0-701-gb30f108f01 (webtiles) character file.

Game seed: 7129875089775151331, levelgen mode: deterministic

170837 DasRunzen the Fighter (level 17, -17/150 HPs)
             Began as a Green Draconian Gladiator on Apr 3, 2020.
             Was the Champion of Vehumet.
             Demolished by Donald
             ... wielding a +0 long sword of holy wrath
              (33 damage)
             ... on level 3 of the Swamp.
             The game lasted 02:09:09 (32514 turns).

DasRunzen the Fighter (Green Draconian Gladiator)  Turns: 32514, Time: 02:09:10

Health: -17/150    AC: 21    Str: 23    XL:     17   Next: 38%
Magic:  20/32      EV: 19    Int: 15    God:    Vehumet [******]
Gold:   1278       SH: 15    Dex: 16    Spells: 4/39 levels left

rFire    + . .     SeeInvis .   R - staff of air
rCold    . . .     Gourm    .   K - +4 kite shield "Luefrin" {rElec rC+ Str+2}
rNeg     . . .     Faith    .   (armour unavailable)
rPois    +         Spirit   .   b - +2 hat
rElec    +         Reflect  .   r - +2 cloak
rCorr    .         Harm     .   t - +2 pair of gloves
MR       +....     Clarity  +   V - +2 pair of boots
Stlth    +.........             i - amulet of regeneration
HPRegen  0.75/turn              g - +5 ring of strength
MPRegen  0.23/turn              T - ring "Lisur" {Fire Dex+2 Slay+4}

@: no status effects
A: breathe noxious fumes, unfitting armour, stinger 1, talons 1, clarity, poison
resistance, shaggy fur 1, cold-blooded, AC +9
a: Breathe Noxious Fumes, Renounce Religion


You were on level 3 of the Swamp.
You worshipped Vehumet.
Vehumet was exalted by your worship.
You were hungry.

You visited 6 branches of the dungeon, and saw 28 of its levels.
You also visited: Sewer, Bailey, Ice Cave and Volcano.

You collected 2695 gold pieces.
You spent 1417 gold pieces at shops.

Inventory:

Hand Weapons
 a - a +6 quarterstaff of electrocution
Missiles
 c - 6 throwing nets (quivered)
Armour
 b - a +2 hat (worn)
 r - a +2 cloak (worn)
 t - a +2 pair of gloves (worn)
 K - the +4 kite shield "Luefrin" (worn) {rElec rC+ Str+2}
   (You acquired it on level 6 of the Lair of Beasts)

   It affects your strength (+2).
   It protects you from cold.
   It insulates you from electricity.
 V - a +2 pair of boots (worn)
Magical Staves
 w - an uncursed staff of conjuration
 R - an uncursed staff of air (weapon)
Jewellery
 e - an uncursed ring of protection from cold
 g - a +5 ring of strength (left hand)
 i - an amulet of regeneration (around neck)
 s - an uncursed amulet of the acrobat
 E - an uncursed ring of fire
 L - an uncursed ring of resist corrosion
 N - a +2 ring of intelligence
 T - the ring "Lisur" (right hand) {Fire Dex+2 Slay+4}
   (You bought it in a shop on level 2 of the Orcish Mines)

   [ring of fire]

   It enhances your fire magic.
   It affects your dexterity (+2).
   It affects your accuracy and damage with ranged weapons and melee attacks
   (+4).
   It protects you from fire.
   It makes you vulnerable to cold.
Wands
 f - a wand of random effects (38)
 y - a wand of flame (65)
 z - a wand of iceblast (7)
 A - a wand of disintegration (21)
 C - a wand of enslavement (10)
 F - a wand of polymorph (14)
 O - a wand of paralysis (6)
 Q - a wand of clouds (7)
Scrolls
 k - 3 scrolls of fog
 l - 4 scrolls of fear
 o - 5 scrolls of teleportation
 v - 17 scrolls of remove curse
 B - a scroll of brand weapon
 H - 5 scrolls of identify
 J - 4 scrolls of enchant weapon
 P - a scroll of amnesia
 S - 2 scrolls of noise {unknown}
 U - a scroll of magic mapping
Potions
 h - 10 potions of curing
 j - 3 potions of stabbing
 m - 2 potions of resistance
 n - 3 potions of haste
 p - 2 potions of might
 u - 5 potions of flight
 x - 2 potions of ambrosia
 D - 4 potions of cancellation
 I - a potion of invisibility
 M - 2 potions of brilliance
Comestibles
 d - 42 rations
 q - 3 chunks of flesh


   Skills:
 + Level 13.4 Fighting
 + Level 12.7 Staves
 - Level 1.7 Throwing
 + Level 11.7 Dodging
 + Level 6.2 Shields
 + Level 11.5 Spellcasting
 * Level 12.5 Conjurations
 - Level 8.0 Translocations
 + Level 7.6 Fire Magic
 + Level 6.7 Air Magic


You had 4 spell levels left.
You knew the following spells:

 Your Spells              Type           Power        Failure   Level  Hunger
a - Blink                 Tloc           N/A          1%          2    None
b - Lightning Bolt        Conj/Air       ######....   4%          5    #####..
c - Dazzling Flash        Conj/Hex       ####..       1%          3    None
d - Stone Arrow           Conj/Erth      ####..       1%          3    None
e - Sticky Flame          Conj/Fire      ######..     1%          4    ###....
f - Fireball              Conj/Fire      ######....   3%          5    #####..
g - Iron Shot             Conj/Erth      ####......   58%         6    ######.
h - Orb of Destruction    Conj           #####.....   30%         7    #######

Your spell library contained the following spells:

 Spells                   Type           Power        Failure   Level  Hunger
 Ozocubu's Refrigeration  Ice            #.........   100%        6    ######.
 Apportation              Tloc           ####..       1%          1    None
 Magic Dart               Conj           ####         1%          1    None
 Shock                    Conj/Air       ####         1%          1    None
 Conjure Flame            Conj/Fire      ######..     1%          3    None
 Mephitic Cloud           Conj/Pois/Air  #####...     1%          3    None
 Static Discharge         Conj/Air       ######..     1%          3    None
 Airstrike                Air            #####.....   4%          4    ###....
 Ignite Poison            Fire/Tmut/Pois ###.....     7%          3    None
 Poisonous Vapours        Pois/Air       ####..       10%         2    None
 Swiftness                Chrm/Air       ####....     10%         2    None
 Animate Skeleton         Necr           N/A          26%         1    None
 Corona                   Hex            #......      26%         1    None
 Summon Small Mammal      Summ           #...         26%         1    None
 Call Imp                 Summ           #.......     36%         2    None
 Slow                     Hex            #.......     36%         2    None
 Summon Lightning Spire   Summ/Air       ####....     54%         4    ###....
 Bolt of Magma            Conj/Fire/Erth #####.....   12%         5    #####..
 Iskenderun's Battlesphe  Conj/Chrm      ####....     16%         5    #####..
 Starburst                Conj/Fire      ######....   17%         6    ######.
 Conjure Ball Lightning   Conj/Air       ######....   19%         6    ######.
 Freezing Cloud           Conj/Ice/Air   #####.....   54%         6    ######.
 Silence                  Hex/Air        ####......   87%         5    #####..
 Spellforged Servitor     Conj/Summ      ####......   98%         7    #######
 Deflect Missiles         Chrm/Air       ####......   100%        6    ######.
 Ring of Flames           Chrm/Fire      ####......   100%        7    #######
 Ignition                 Fire           #####.....   100%        8    #######
 Tornado                  Air            #####.....   100%        9    #######


Dungeon Overview and Level Annotations

Branches:
Dungeon (15/15)            Temple (1/1) D:6            Lair (6/6) D:9
  Swamp (3/4) Lair:4        Snake (1/4) Lair:3        Slime (0/5) Lair:6
    Orc (2/2) D:11            Elf (0/3) Orc:2        Vaults (0/5) D:13
 Depths (0/5) D:15          Sewer (visited)          Bailey (visited)
  IceCv (visited)         Volcano (visited)

Altars:
Ashenzari
Cheibriados
Dithmenos
Elyvilon
Fedhas
Gozag
Hepliaklqana
Kikubaaqudgha
Makhleb
Nemelex Xobeh
Okawaru
Qazlal
Ru
Sif Muna
Trog
Uskayaw
Vehumet
Wu Jian
Xom
Yredelemnul
Zin
The Shining One

Shops:
D:12 *   Orc:1 *   Orc:2 =*:?

Annotations:
D:13 Hedo's ghost, journeyman GnCj
Lair:4 2 transporters
Lair:5 3 runed translucent doors, Gall2222's ghost, journeyman TrCK
Swamp:3 Donald


Innate Abilities, Weirdness & Mutations

You can breathe blasts of noxious fumes.
Your lurid green scales are hard. (AC +9)
You cannot fit into any form of body armour.
Your tail ends in a poisonous barb.
Your system is resistant to poisons. (rPois)
You are cold-blooded and may be slowed by cold attacks.
You have sharp toenails.
You possess an exceptional clarity of mind.
You are covered in fur. (AC +1)


Message History

Donald is heavily wounded.
Donald burns!
You block Donald's attack.
You hit Donald.
Donald is heavily wounded.
Donald burns!
Donald stops burning.
Casting: Sticky Flame (safe; 1% risk of failure)
Confirm with . or Enter, or press ? or * to list all spells.
Aiming: Sticky Flame (safe; 1% risk of failure)
Press: ? - help, Shift-Dir - straight line, f/p - Donald
Aim: Donald, wielding a +0 long sword of holy wrath, wearing a +1 plate armour of cold resistance and wearing a +0 kite shield of reflection (severely wounded, fast, unusually strong)
You feel a surge of power!
The sticky flame hits Donald but does no damage.
Donald is severely wounded.
Donald is covered in liquid flames!
You are feeling hungry.
Donald burns!
Donald hits you with a +0 long sword of holy wrath!!
* * * LOW HITPOINT WARNING * * *
Donald hits you with a +0 long sword of holy wrath!!
You die...

♣≈.≈.♣♣♣♣♣♣ ≈≈..♣♣.≈≈≈....≈♣
♣..≈.♣♣♣♣♣♣♣♣.§≈§♣♣≈.≈)..§♣♣.
♣♣≈♣♣♣♣.≈♣§≈≈≈§≈.♣♣♣♣.≈≈≈.≈≈.
♣≈♣≈.......≈≈≈§≈)♣ ♣♣.≈≈≈.≈.
♣...♣...≈≈≈......≈♣ ♣≈...♣♣≈
♣≈≈≈≈♣♣..≈≈≈≈.♣♣♣≈♣♣ ♣♣♣≈♣♣.≈
♣♣≈≈≈ ♣..≈≈≈.≈♣♣♣♣^♣ ♣♣.≈≈≈
♣... ♣≈≈≈..≈♣≈≈.≈.♣ ♣..≈≈≈
♣♣.> ♣≈≈≈♣.≈≈@@≈≈≈♣ ♣.≈≈≈≈
♣≈..≈.≈.≈♣♣♣♣♣≈≈≈♣ ♣.≈≈.≈
♣♣≈♣♣♣.... ♣.≈≈.♣ ♣...^.
♣..≈.≈≈.§≈≈≈♣ ♣♣♣♣♣.
...≈....§≈≈≈≈≈♣ ♣≈
.≈≈..≈.≈≈≈≈..♣♣ ♣♣
≈≈≈≈§≈≈≈..≈♣ ♣ ..≈≈.......♣ ♣
♣.≈≈.♣♣@≈.≈♣


You could see Donald (burning).

Vanquished Creatures
  Gastronok (D:11)
  Agnes (Lair:3)
  3 thorn hunters
  A frost giant (D:15)
  An orc warlord (Orc:1)
  A stone giant (Orc:2)
  Snorg (D:14)
  Josephine (D:11)
  A yaktaur captain (D:13)
  4 ogre magi
  9 hydras
  Erolcha (D:11)
  Harold (D:11)
  A ghost crab (Swamp:2)
  A catoblepas (Lair:6)
  2 shambling mangroves
  15 two-headed ogres
  A merfolk avatar (Lair:6)
  2 anacondas (Lair:3)
  2 tengu warriors
  11 alligators
  3 centaur warriors
  A naga sharpshooter (Lair:3)
  8 death yaks
  Urug (D:11)
  A shock serpent (Lair:3)
  Nergalle (Lair:3)
  A sea snake (Lair:6)
  A spriggan druid (Swamp:2)
  An unseen horror (D:13)
  4 swamp dragons
  A wolf spider zombie (D:15)
  A harpy (shapeshifter) (D:14)
  Pikel (D:9)
  3 orc knights (Orc:1)
  2 harpies (Lair:6)
  3 cyclopes
  A deep elf mage (D:14)
  2 ugly things
  4 manticores
  2 ice statues (IceCv)
  11 elephants
  6 black mambas
  15 spiny frogs
  3 gargoyles
  Maggie (D:6)
  4 yaktaurs
  A kobold demonologist (D:12)
  6 komodo dragons
  9 ice devils (IceCv)
  4 rime drakes
  5 trolls
  10 tyrant leeches
  2 wind drakes (Lair:6)
  14 hornets
  25 slime creatures
  6 polar bears (Lair:6)
  3 bog bodies
  10 hippogriffs
  7 blink frogs
  4 dream sheep (Lair:6)
  5 spriggans (Swamp:3)
  8 wraiths
  3 shadows
  34 yaks
  Eustachio (D:4)
  7 fire bats (Volcano)
  11 wyverns
  2 hungry ghosts
  A basilisk (Lair:3)
  5 vampire mosquitoes
  3 wargs
  4 acid dragons
  A naga (Snake:1)
  A soldier ant (D:13)
  18 swamp worms
  6 insubstantial wisps (Swamp:2)
  15 porcupines
  12 water moccasins
  Duvessa (D:6)
  33 orc warriors
  Purgy (Sewer)
  4 swamp drakes
  2 slaves (D:9)
  2 black bears
  An ice beast (D:10)
  5 sky beasts
  3 phantoms
  3 necrophages
  2 eyes of draining
  32 ogres
  8 wolves (Lair:3)
  12 centaurs
  14 crocodiles
  A big kobold (D:9)
  23 bullfrogs
  A wyvern zombie (D:7)
  A gnoll sergeant (D:10)
  Dowan (D:6)
  8 scorpions
  A wyvern skeleton (D:14)
  2 howler monkeys (D:7)
  An electric eel (Lair:4)
  3 centaur zombies
  A crimson imp (D:15)
  3 quasits
  9 lava snakes (Volcano)
  A bullfrog zombie (D:9)
  5 jellies
  5 centaur skeletons
  2 hounds
  Crazy Yiuf (D:6)
  11 orc priests
  A gnoll shaman (D:10)
  2 bullfrog skeletons
  3 iguanas
  22 orc wizards
  5 worker ants
  2 hound zombies (D:10)
  3 hound skeletons
  18 gnolls
  11 adders
  3 shadow imps
  18 white imps
  7 ufetubi (IceCv)
  2 adder zombies
  5 worms
  2 dart slugs
  8 leopard geckos
  98 orcs
  4 ball pythons
  11 giant cockroaches
  16 goblins
  8 hobgoblins
  9 jackals
  4 quokkas
  11 bats
  4 frilled lizards
  A jackal zombie (D:4)
  8 kobolds
  A quokka zombie (D:5)
  5 rats
  14 briar patches
895 creatures vanquished.

Vanquished Creatures (others)
  A reaper (IceCv)
  A red draconian (Volcano)
  A fire bat (Volcano)
  2 vampire mosquitoes (Swamp:2)
  3 white imps (IceCv)
  3 ufetubi (IceCv)
  An orc (Orc:2)
  3 briar patches (Swamp:3)
  9 fungi
  19 plants
43 creatures vanquished.

Grand Total: 938 creatures vanquished

Notes
Turn   | Place    | Note
-------+----------+-------------------------------------------
     0 | D:1      | DasRunzen the Draconian Gladiator began the quest for the
                  | Orb.
     0 | D:1      | Reached XP level 1. HP: 17/17 MP: 1/1
   166 | D:1      | Reached XP level 2. HP: 18/25 MP: 2/2
   590 | D:2      | Reached skill level 1 in Spellcasting
   632 | D:2      | Reached XP level 3. HP: 29/30 MP: 4/4
   683 | D:2      | Found a shadowy altar of Dithmenos.
   683 | D:2      | Found an opulent altar of Gozag.
   834 | D:2      | Reached skill level 3 in Fighting
   834 | D:2      | Reached XP level 4. HP: 8/38 MP: 4/6
  1566 | D:3      | Found a glowing drain.
  1592 | Sewer    | Entered a sewer
  1751 | Sewer    | Noticed Purgy
  1776 | Sewer    | Killed Purgy
  1776 | Sewer    | Reached XP level 5. HP: 40/46 MP: 6/8
  2252 | D:4      | Found a white marble altar of Elyvilon.
  2613 | D:4      | Found a blossoming altar of Fedhas.
  2623 | D:4      | Noticed an ogre
  2630 | D:4      | Killed an ogre
  2630 | D:4      | Reached skill level 4 in Fighting
  2630 | D:4      | Reached XP level 6. HP: 14/52 MP: 9/9
  2976 | D:4      | Learned a level 2 spell: Blink
  3303 | D:4      | Noticed Eustachio
  3328 | D:4      | Killed Eustachio
  3328 | D:4      | Reached skill level 1 in Translocations
  3328 | D:4      | Your scales start taking on a lurid green colour.
  3328 | D:4      | Reached XP level 7. HP: 32/60 MP: 11/11
  3328 | D:4      | Gained mutation: Your system is resistant to poisons.
                  | (rPois) [Green Draconian growth]
  3412 | D:4      | Found an iron altar of Okawaru.
  3414 | D:4      | Found a sacrificial altar of Ru.
  3502 | D:5      | Entered Level 5 of the Dungeon
  3534 | D:5      | Found a glowing silver altar of Zin.
  3629 | D:5      | Reached skill level 5 in Staves
  3711 | D:5      | Reached skill level 5 in Fighting
  3873 | D:5      | Reached XP level 8. HP: 57/68 MP: 13/13
  4261 | D:6      | Reached skill level 5 in Dodging
  4460 | D:6      | Noticed Maggie
  4858 | D:6      | HP: 3/70 [Maggie/+2 halberd of flaming (9)]
  4862 | D:6      | Killed Maggie
  4862 | D:6      | Reached skill level 6 in Fighting
  5194 | D:6      | Found a staircase to the Ecumenical Temple.
  5205 | D:6      | Found a runed translucent door.
  5206 | D:6      | Noticed Crazy Yiuf
  5212 | D:6      | Killed Crazy Yiuf
  5227 | D:6      | Noticed Dowan
  5228 | D:6      | Noticed Duvessa
  5247 | D:6      | Killed Duvessa
  5271 | D:6      | Killed Dowan
  5598 | D:6      | Reached XP level 9. HP: 71/77 MP: 16/16
  5631 | Temple   | Entered the Ecumenical Temple
  5820 | Temple   | Became a worshipper of Vehumet
  5862 | D:6      | Found a bloodstained altar of Trog.
  6531 | D:7      | Reached skill level 5 in Spellcasting
  6698 | D:7      | Learned a level 1 spell: Magic Dart
  7144 | D:7      | Reached skill level 1 in Conjurations
  7188 | D:7      | Reached * piety under Vehumet
  7188 | D:7      | Offered knowledge of Shock by Vehumet.
  7246 | D:7      | Reached skill level 7 in Fighting
  7688 | D:8      | Found a glowing golden altar of the Shining One.
  7695 | D:8      | Reached skill level 5 in Translocations
  7874 | D:8      | Noticed a two-headed ogre
  7886 | D:8      | Killed a two-headed ogre
  7886 | D:8      | Reached XP level 10. HP: 23/86 MP: 18/18
  8313 | D:9      | Noticed Pikel
  8348 | D:9      | Killed Pikel
  8412 | D:9      | Found an ancient bone altar of Kikubaaqudgha.
  8509 | D:9      | Noticed a two-headed ogre
  8530 | D:9      | Killed a two-headed ogre
  8905 | D:9      | Reached ** piety under Vehumet
  8905 | D:9      | Offered knowledge of Sandblast by Vehumet.
  8905 | D:9      | Reached skill level 8 in Fighting
  9306 | D:9      | Found a staircase to the Lair.
  9640 | Lair:1   | Entered Level 1 of the Lair of Beasts
  9766 | Lair:1   | Noticed a spiny frog
  9777 | Lair:1   | Killed a spiny frog
  9797 | Lair:1   | Reached XP level 11. HP: 54/95 MP: 21/21
  9883 | Lair:1   | Found a dark tunnel.
  9895 | Volcano  | Entered a volcano
 10182 | Volcano  | Reached skill level 5 in Conjurations
 10186 | Volcano  | Noticed a centaur warrior
 10196 | Volcano  | Killed a centaur warrior
 10222 | Volcano  | Noticed a red draconian
 10254 | Volcano  | Killed a red draconian
 10254 | Volcano  | Reached skill level 9 in Fighting
 10455 | Volcano  | Found a radiant altar of Vehumet.
 10652 | Lair:1   | Offered knowledge of Dazzling Flash by Vehumet.
 10657 | Lair:1   | Learned a level 3 spell: Dazzling Flash
 10883 | Lair:1   | Gained mutation: You are covered in fur. (AC +1) [potion of
                  | mutation]
 10883 | Lair:1   | Gained mutation: You possess an exceptional clarity of
                  | mind. [potion of mutation]
 10883 | Lair:1   | Gained mutation: You have sharp toenails. [potion of
                  | mutation]
 11503 | Lair:2   | Reached *** piety under Vehumet
 12138 | Lair:3   | Reached XP level 12. HP: 86/106 MP: 23/23
 12175 | Lair:3   | Found a staircase to the Snake Pit.
 12254 | Lair:3   | Offered knowledge of Stone Arrow by Vehumet.
 12261 | Lair:3   | Learned a level 3 spell: Stone Arrow
 12294 | Lair:3   | Noticed Nergalle
 12325 | Lair:3   | Killed Nergalle
 12570 | Lair:3   | Reached skill level 10 in Fighting
 12601 | Lair:3   | Reached **** piety under Vehumet
 13021 | Lair:4   | Noticed a five-headed hydra
 13041 | Lair:3   | Killed a five-headed hydra
 13308 | Lair:4   | Offered knowledge of Yara's Violent Unravelling by Vehumet.
 13366 | Lair:4   | Found a transporter.
 13539 | Lair:4   | Reached skill level 10 in Staves
 13800 | Lair:4   | Found a staircase to the Swamp.
 13915 | Lair:4   | Found a transporter.
 14384 | Lair:5   | Noticed Gall2222's ghost (journeyman TrCK)
 14407 | Lair:5   | Found a runed translucent gate.
 14407 | Lair:5   | Found a runed translucent gate.
 14407 | Lair:5   | Found a runed translucent gate.
 14453 | Lair:5   | Noticed a death yak
 14453 | Lair:5   | Noticed a death yak
 14454 | Lair:5   | Noticed a death yak
 14475 | Lair:5   | Killed a death yak
 14485 | Lair:5   | Killed a death yak
 14485 | Lair:5   | Reached XP level 13. HP: 63/115 MP: 25/25
 14989 | Lair:4   | Reached skill level 11 in Fighting
 15418 | Lair:6   | Entered Level 6 of the Lair of Beasts
 15451 | Lair:6   | Reached ***** piety under Vehumet
 15471 | Lair:6   | Offered knowledge of Sticky Flame by Vehumet.
 15482 | Lair:6   | Learned a level 4 spell: Sticky Flame
 15847 | Lair:6   | Found a staircase to the Slime Pits.
 16015 | Lair:6   | Reached skill level 10 in Dodging
 16456 | Lair:6   | Learned a level 5 spell: Fireball
 16716 | Lair:6   | Identified a scroll of acquirement
 16716 | Lair:6   | Identified the +4 kite shield "Luefrin" {rElec rC+ Str+2}
                  | (You acquired it on level 6 of the Lair of Beasts)
 16954 | D:10     | Entered Level 10 of the Dungeon
 17325 | D:9      | Reached skill level 1 in Fire Magic
 17552 | D:10     | Gained mutation: Your tail ends in a poisonous barb. [Green
                  | Draconian growth]
 17552 | D:10     | Reached XP level 14. HP: 122/125 MP: 27/27
 17901 | D:11     | Found a staircase to the Orcish Mines.
 17974 | D:11     | Learned a level 5 spell: Lightning Bolt
 18000 | D:11     | Noticed Harold
 18028 | D:11     | Paralysed by Harold for 2 turns
 18041 | D:11     | Killed Harold
 18053 | D:11     | Reached skill level 10 in Spellcasting
 18124 | D:11     | Reached skill level 1 in Shields
 18133 | D:11     | Reached skill level 12 in Fighting
 18262 | D:11     | Offered knowledge of Iskenderun's Mystic Blast by Vehumet.
 18262 | D:11     | Reached skill level 1 in Air Magic
 18462 | D:11     | Noticed Josephine
 18491 | D:11     | Killed Josephine
 18714 | D:11     | Noticed Erolcha
 18721 | D:11     | Killed Erolcha
 18787 | D:11     | Noticed Urug
 18816 | D:11     | Killed Urug
 19040 | D:11     | Noticed Gastronok
 19088 | D:11     | Killed Gastronok
 19755 | Orc:1    | Entered Level 1 of the Orcish Mines
 19908 | Orc:1    | Found a flagged portal.
 19939 | Bailey   | Entered a bailey
 20622 | Bailey   | Offered knowledge of Iron Shot by Vehumet.
 20630 | Bailey   | Learned a level 6 spell: Iron Shot
 20735 | Bailey   | Got a faintly humming cloak
 20736 | Bailey   | Identified the cursed -2 cloak "Teanirr" {rF+ rN+ Int-4}
                  | (You found it in a bailey)
 21022 | Orc:1    | Found Raly's Retail Resort.
 21224 | Orc:2    | Entered Level 2 of the Orcish Mines
 21411 | Orc:2    | Noticed an orc warlord
 21629 | Orc:1    | Killed an orc warlord
 21767 | Orc:2    | Paralysed by an ogre mage for 2 turns
 21913 | Orc:2    | Found a staircase to the Elven Halls.
 22494 | Orc:1    | Reached skill level 10 in Conjurations
 22686 | Orc:2    | Offered knowledge of Orb of Destruction by Vehumet.
 23140 | Orc:2    | Reached skill level 5 in Fire Magic
 23181 | Orc:2    | Reached XP level 15. HP: 134/134 MP: 29/29
 23297 | Orc:2    | Found Koarphew's Jewellery Shoppe.
 23297 | Orc:2    | Found Pofi Dua's Book Boutique.
 23297 | Orc:2    | Found Emisoqe's Assorted Antiques.
 23297 | Orc:2    | Found Cong's Magic Scroll Emporium.
 23373 | Orc:2    | Bought a book of Power for 675 gold pieces
 23381 | Orc:2    | Learned a level 7 spell: Orb of Destruction
 23391 | Orc:2    | Bought the ring "Lisur" {Fire Dex+2 Slay+4} for 742 gold
                  | pieces
 23731 | Orc:2    | Reached XP level 16. HP: 141/141 MP: 30/30
 23948 | D:12     | Found Oschuh's General Store.
 24280 | D:13     | Found a gate to the Vaults.
 24425 | D:13     | Found a frozen archway.
 24460 | D:13     | Reached ****** piety under Vehumet
 24505 | IceCv    | Entered an ice cave
 24769 | IceCv    | Offered knowledge of Freezing Cloud by Vehumet.
 25008 | IceCv    | Reached skill level 5 in Air Magic
 25721 | D:13     | Found a runed translucent door.
 25722 | D:13     | Found a shimmering altar of Xom.
 25722 | D:13     | Noticed Hedo's ghost (journeyman GnCj)
 26030 | D:14     | Noticed Snorg
 26046 | D:14     | Killed Snorg
 26259 | D:14     | You fall into a shaft and drop 1 floor!
 26259 | D:15     | Entered Level 15 of the Dungeon
 26862 | D:14     | Found a shimmering altar of Xom.
 27404 | D:15     | Found a staircase to the Depths.
 27805 | Snake:1  | Entered Level 1 of the Snake Pit
 27839 | Snake:1  | Noticed Agnes
 27951 | Lair:3   | Killed Agnes
 28122 | Lair:3   | Reached skill level 13 in Fighting
 28150 | Lair:3   | Reached skill level 5 in Shields
 28466 | Swamp:1  | Entered Level 1 of the Swamp
 29031 | Swamp:1  | HP: 7/143 [poisoned by a spiny frog]
 29325 | Swamp:1  | Noticed a thorn hunter
 29362 | Swamp:1  | Killed a thorn hunter
 29538 | Swamp:1  | Offered knowledge of Ozocubu's Refrigeration by Vehumet.
 30114 | Swamp:2  | Reached XP level 17. HP: 45/150 MP: 5/32
 31248 | Swamp:3  | Found a sacrificial altar of Ru.
 32040 | Swamp:3  | Offered knowledge of Ozocubu's Refrigeration by Vehumet.
 32489 | Swamp:3  | Noticed Donald
 32514 | Swamp:3  | Demolished by Donald

Levels and vault maps discovered:
D:1:      lightli_arrival_boilingwater, layout_loops_ring,
          minmay_misc_feat_four_crosses
D:2:      layout_loops_ring, chequers_temple_overflow_statue_of_worship,
          minivault_23
D:3:      layout_basic, portal_sewer_entry_f, kennysheep_path_1
D:4:      kennysheep_the_goblin_king, layout_basic, elyvilon_altar_5,
          nicolae_overflow_hidden_temple, first_ration,
          chequers_hall_statues_corner_a, minmay_cupped, uniq_eustachio
D:5:      layout_basic, old_standard_altar
D:6:      layout_rooms, minmay_temple_entry_large_hall, bloody_trog,
          uniq_crazy_yiuf_cottage, uniq_maggie, uniq_duvessa
D:7:      layout_loops_corners
D:8:      layout_basic, tso_metal_star
D:9:      layout_loops_ring, nicolae_overflow_crystal_walls, erik_lair_dragon,
          blue_anna_alchemist [blue_anna_fruit_fields, blue_anna_fruit_fields],
          uniq_pikel
D:10:     layout_cave_pools
D:11:     layout_layer_cave, orc_0_dummy, uniq_urug, uniq_harold,
          uniq_josephine, uniq_erolcha, uniq_gastronok
D:12:     layout_rooms, serial_shops, shop
D:13:     layout_gridville, david_vaults_2, portal_ice_cave_entry_imps,
          ebering_ghost_xom
D:14:     layout_gridville, chequers_serial_rivers_micro_d, xom_teletrap_fun,
          uniq_snorg
D:15:     grunt_enter_depths_snipers, layout_loops_cross,
          corexii_leaking_fountain, drop_trap
Temple:   nicolae_temple_figure_eight
Lair:1:   layout_chaotic_city, nicolae_volcano_entry_lava_flow,
          grunt_megastairs_3
Lair:2:   layout_big_grid
Lair:3:   layout_hall_layers, minmay_snake_entry_six_corridors,
          bh_autumn_forest_stairs, st_stairs_4, uniq_nergalle
Lair:4:   gammafunk_cloud_chamber, layout_misc_corridors,
          nicolae_swamp_entry_splash_gauntlet
Lair:5:   layout_cave_pods, gammafunk_ghost_icy, ldierk_geyser
Lair:6:   gammafunk_lair_ancient_temple, layout_loops_ring, slime_dummy,
          lookout_lair_type
Swamp:1:  layout_basic_swamp, hangedman_swamp_ruin_wall
Swamp:2:  layout_basic_swamp, serial_swamp_ruin, evilmike_swamp_ruin_wall,
          evilmike_swamp_ruin_house_5, swamp_pool3
Swamp:3:  layout_basic_swamp, basic_altar, swamp_pool5, uniq_donald
Snake:1:  layout_misc_corridors, st_stairs_13, uniq_aizul, uniq_jorgrun,
          uniq_agnes
Orc:1:    layout_diamond_mine, enter_bailey_7, nicolae_alphabet_shops
Orc:2:    st_orc_ogre_mass, layout_diamond_mine

Skill      XL: |  1  2  3  4  5  6  7  8  9 10 11 12 13 14 15 16 17 |
---------------+----------------------------------------------------+-----
Dodging        | 3 4 5 6 7 8 9 10 11 | 11.7
Spellcasting   | 1 2 3 4 5 6 7 8 9 10 11 | 11.5
Fighting       | 3 4 5 6 7 8 9 10 11 12 13 | 13.4
Staves         | 4 5 6 7 8 9 10 11 12 | 12.7
Translocations | 1 2 3 5 6 7 8 |  8.0
Conjurations   | 2 4 6 7 9 10 12 | 12.5
Fire Magic     | 1 5 7 |  7.6
Shields        | 3 5 6 |  6.2
Air Magic      | 3 4 6 |  6.7
Throwing       | |  1.7

Action                   |  1- 3 |  4- 6 |  7- 9 | 10-12 | 13-15 | 16-18 || total
-------------------------+-------+-------+-------+-------+-------+-------++-------
Melee: Quarterstaff      |    94 |   160 |   355 |   685 |   424 |       ||  1718
       Tailslap          |     6 |    24 |    69 |    94 |   344 |   296 ||   833
       Kick              |       |       |       |   134 |   258 |       ||   392
       Staff             |       |       |       |       |  1269 |  1197 ||  2466
Throw: Throwing net      |       |       |     2 |       |       |       ||     2
 Cast: Sticky Flame      |       |       |       |       |   131 |   196 ||   327
       Stone Arrow       |       |       |       |       |    38 |     2 ||    40
       Blink             |       |       |       |       |     1 |    10 ||    11
       Dazzling Flash    |       |       |       |       |     1 |     5 ||     6
       Fireball          |       |       |       |       |       |    36 ||    36
       Orb of Destructio |       |       |       |       |       |     2 ||     2
Evoke: Wand              |       |       |     2 |       |     1 |       ||     3
  Use: Scroll            |     4 |     4 |    10 |     9 |    11 |     7 ||    45
       Potion            |       |     3 |       |     5 |     2 |     6 ||    16
 Stab: Sleeping          |       |       |     4 |     1 |     1 |     2 ||     8
       Invisible         |       |       |       |       |       |     2 ||     2
  Eat: Chunk             |       |     7 |    15 |    14 |    45 |    24 ||   105
       Ration            |       |       |       |     2 |     1 |     9 ||    12
Armor: Skin              |    38 |    63 |   141 |   263 |   379 |   364 ||  1248
Dodge: Dodged            |   108 |   110 |   210 |   516 |   997 |   665 ||  2606
Block: Kite shield       |       |       |       |       |   856 |   860 ||  1716

Table legend:
 A = Non-vault XP
 B = Vault XP
 C = Vault XP percentage of total XP
 D = Non-vault monster count
 E = Vault monster count
 F = Vault count percentage of total count
                 A         B        C        D         E       F
            +---------+---------+-------+---------+---------+-------
      Total |  132103 |   60533 |  31.4 |     646 |     238 |  26.9
            +---------+---------+-------+---------+---------+-------
        D:1 |      33 |       0 |   0.0 |      19 |       0 |   0.0
        D:2 |      89 |       0 |   0.0 |      23 |       0 |   0.0
        D:3 |      32 |      11 |  25.6 |      16 |       4 |  20.0
        D:4 |     315 |     229 |  42.1 |      12 |      10 |  45.5
        D:5 |    1098 |       0 |   0.0 |      28 |       0 |   0.0
        D:6 |     434 |     640 |  59.6 |      17 |       4 |  19.0
        D:7 |    1252 |       0 |   0.0 |      28 |       0 |   0.0
        D:8 |    1726 |       0 |   0.0 |      15 |       0 |   0.0
        D:9 |    3007 |    1686 |  35.9 |      25 |       7 |  21.9
       D:10 |    2331 |       0 |   0.0 |      39 |       0 |   0.0
       D:11 |    4769 |    7100 |  59.8 |      18 |      10 |  35.7
       D:12 |    3698 |       0 |   0.0 |      27 |       0 |   0.0
       D:13 |    6701 |    1894 |  22.0 |      26 |      15 |  36.6
       D:14 |    4443 |    1129 |  20.3 |      16 |       1 |   5.9
       D:15 |    6963 |    2954 |  29.8 |      14 |       3 |  17.6
     Lair:1 |    2785 |     298 |   9.7 |      11 |       2 |  15.4
     Lair:2 |    3399 |       0 |   0.0 |      15 |       0 |   0.0
     Lair:3 |   10076 |    5149 |  33.8 |      36 |      18 |  33.3
     Lair:4 |    7839 |     799 |   9.2 |      25 |       5 |  16.7
     Lair:5 |    8436 |       0 |   0.0 |      17 |       0 |   0.0
     Lair:6 |    5612 |   10514 |  65.2 |      18 |      29 |  61.7
    Swamp:1 |   13454 |       0 |   0.0 |      29 |       0 |   0.0
    Swamp:2 |   16672 |       0 |   0.0 |      39 |       0 |   0.0
    Swamp:3 |   16883 |       0 |   0.0 |      42 |       0 |   0.0
    Snake:1 |     160 |       0 |   0.0 |       1 |       0 |   0.0
      Orc:1 |    5913 |    7054 |  54.4 |      42 |      17 |  28.8
      Orc:2 |    3983 |    9877 |  71.3 |      48 |      22 |  31.4
      Sewer |       0 |     144 | 100.0 |       0 |       6 | 100.0
     Bailey |       0 |    2286 | 100.0 |       0 |      39 | 100.0
      IceCv |       0 |    4163 | 100.0 |       0 |      24 | 100.0
    Volcano |       0 |    4606 | 100.0 |       0 |      22 | 100.0
            +---------+---------+-------+---------+---------+-------
